 Dungeon Crawl Stone Soup version 0.27.1-34-g3ba077fa99 (webtiles) character file.

Game seed: 7806620647092642093

3 Sharkman1231 the Skirmisher (level 1, -9/18 HPs)
             Began as a Demonspawn Chaos Knight on Jan 18, 2022.
             Was a Plaything of Xom.
             Mangled by a sixfirhy (12 damage)
             ... summoned by Xom
             ... on level 1 of the Dungeon.
             The game lasted 00:00:21 (296 turns).

Sharkman1231 the Skirmisher (DsCK)                   Turns: 296, Time: 00:00:21

Health: -9/18      AC:  5    Str: 12    XL:     1   Next: 41%
Magic:  1/1        EV: 11    Int: 13    God:    Xom [......]
Gold:   33         SH:  0    Dex: 12    Spells: 0/0 levels left

rFire    . . .     SeeInvis .   a - +0 mace (chaos)
rCold    . . .     Faith    .   (no shield)
rNeg     . . .     Spirit   .   b - +2 leather armour
rPois    .         Reflect  .   (no helmet)
rElec    .         Harm     .   (no cloak)
rCorr    .         Rampage  .   (no gloves)
Will     .....                  (no boots)
Stlth    +.........             (no amulet)
HPRegen  0.06/turn              (no ring)
MPRegen  0.07/turn              (no ring)

@: no status effects
A: no striking features
a: Renounce Religion


You were on level 1 of the Dungeon.
You worshipped Xom.
You were a very special plaything of Xom.
You visited 1 branch of the dungeon, and saw 1 of its levels.

You collected 33 gold pieces.

Inventory:

Hand Weapons
 a - a +0 mace of chaos (weapon)
Armour
 b - a +2 leather armour (worn)


   Skills:
 + Level 3.0 Fighting
 + Level 2.7 Maces & Flails
 + Level 1.8 Armour
 + Level 1.0 Dodging


You couldn't memorise any spells.
You didn't know any spells.
Your spell library was empty.

Dungeon Overview and Level Annotations

Branches:
Dungeon (1/15)

Altars:


Message History

You barely miss the gnoll. The gnoll misses you.
You hit the gnoll but do no damage. The gnoll hits you with a +0 whip.
The gnoll closely misses you.
You are too injured to fight recklessly!
You are too injured to fight recklessly!
You are too injured to fight recklessly!
There are monsters nearby!
Unknown command.
You see here a hobgoblin corpse.
Xom's power touches on a nearby weapon.
The gnoll's +0 whip erupts in a glittering mayhem of colour.
You closely miss the rat. The rat bites you.
Press: ? - help, v - describe, . - travel
Here: a gnoll, wielding a +1 whip of chaos The floor.
There is an escape hatch in the floor here.
Unknown command.
You hear Xom's maniacal laughter.
Your body is wracked with pain!
You closely miss the rat. The rat bites you.
* * * LOW HITPOINT WARNING * * *
"Just a minor improvement..."
The rat misses your butterfly.
You swap places.
You hear Xom's maniacal laughter.
The rat completely misses your butterfly.
The sixfirhy hits your butterfly!
Your butterfly dies!
Your butterfly disappears in a puff of smoke!
The sixfirhy closely misses your butterfly.
The sixfirhy hits your butterfly.
Your butterfly dies!
Your butterfly disappears in a puff of smoke!
The sixfirhy hits you but does no damage.
The sixfirhy hits you.
* * * LOW HITPOINT WARNING * * *
The sixfirhy shocks you!
Ouch! That really hurt!
You die...
Xom cackles wildly!

#.# #.# #.# #.# #.# #.#
### ###
#.#####.#######.########
...........gr.b........#
###.....#######b@####.##
##.###.# #.3b# #.#
#......# #.#.# #.#
#......#######.#.# #.#
#...รท..........#.###.#
#......#######.#.....##
#......# #........#
#......# ####.....#
#.....## #..#..#


You could see a sixfirhy (summoned), a gnoll and a rat.

Vanquished Creatures
  An endoplasm (D:1)
  A hobgoblin (D:1)
  A bat (D:1)
3 creatures vanquished.

Notes
Turn   | Place    | Note
-------+----------+-------------------------------------------
     0 | D:1      | Sharkman1231 the Demonspawn Chaos Knight began the quest
                  | for the Orb.
     0 | D:1      | Reached XP level 1. HP: 18/18 MP: 1/1
   250 | D:1      | XOM: god gift: 23 gold pieces
   263 | D:1      | Reached skill level 1 in Dodging
   269 | D:1      | XOM: chaos upgrade
   286 | D:1      | XOM: torment (6/18 hp)
   293 | D:1      | XOM: scenery: summon butterflies
   294 | D:1      | XOM: summons 1 hostile demon
   295 | D:1      | Noticed a sixfirhy
   296 | D:1      | Mangled by a sixfirhy

Illustrated notes

Levels and vault maps discovered:
D:1:      zelgadis_glass_arrival_small, layout_basic,
          corexii_item_surrounded_by_moat, nrook_uturn

Skill      XL: |  1 |
---------------+----+-----
Dodging        | 1 |  1.0
Fighting       | |  3.0
Maces & Flails | |  2.7
Armour         | |  1.8

Action                   || total
-------------------------++-------
Melee: Mace              ||    10
Armor: Leather armour    ||     3
Dodge: Dodged            ||    14
